 Dungeon Crawl Stone Soup version 0.28.0-43-g3370ac3207 (webtiles) character file.

Game seed: 18079126947101062890

220 pkoi the Ruffian (level 5, -1/44 HPs)
             Began as a Demigod Gladiator on Mar 31, 2022.
             Killed by divine providence
             ... invoked by an orc priest
              (9 damage)
             ... on level 4 of the Dungeon.
             The game lasted 00:06:46 (4129 turns).

pkoi the Ruffian (Demigod Gladiator)                Turns: 4129, Time: 00:06:46

Health: -1/44      AC:  5    Str: 19    XL:     5   Next: 37%
Magic:  7/7        EV: 13    Int: 10    God:
Gold:   86         SH:  5    Dex: 15    Spells: 4/4 levels left

rFire   . . .      SeeInvis +   h - +1 whip
rCold   . . .      Faith    .   (no shield)
rNeg    . . .      Spirit   .   a - +0 leather armour
rPois   .          Reflect  +   b - +0 helmet
rElec   .          Harm     .   (no cloak)
rCorr   .          Rampage  .   (no gloves)
Will    .....                   g - +0 pair of boots
Stlth   +.........              n - amulet of reflection
HPRegen 0.14/turn               q - ring of see invisible
MPRegen 0.10/turn               (no ring)

@: no status effects
A: high MP 1, forlorn, divine attributes
a: no special abilities


You were on level 4 of the Dungeon.
You visited 1 branch of the dungeon, and saw 4 of its levels.

You collected 86 gold pieces.

Inventory:

Hand Weapons
 h - a +1 whip (weapon)
Missiles
 c - 3 throwing nets
 i - 5 atropa-tipped darts
 m - 5 boomerangs (quivered)
Armour
 a - a +0 leather armour (worn)
 b - a +0 helmet (worn)
 g - a +0 pair of boots (worn)
Jewellery
 d - a ring of fire
 n - an amulet of reflection (around neck)
 q - a ring of see invisible (left hand)
 s - an amulet of guardian spirit
Scrolls
 e - a scroll of teleportation
 f - a scroll of blinking {unknown}
 o - a scroll of fear {unknown}
 r - a scroll of identify
Potions
 j - a potion of cancellation
 p - 2 potions of flight


   Skills:
 + Level 2.8 Fighting
 - Level 1.7 Throwing
 + Level 3.4 Dodging
 * Level 4.9 Unarmed Combat


You had 4 spell levels left.
You didn't know any spells.
Your spell library was empty.

Dungeon Overview and Level Annotations

Branches:
Dungeon (4/15)
 Temple: D:4-7

Annotations:
D:3 Grinder, Sigmund


Innate Abilities, Weirdness & Mutations

You have an increased reservoir of magic. (+10% MP)
You shall have no god before yourself.
Your divine heritage dramatically boosts your attributes as you level up.


Message History

The orc priest hits you with a +0 short sword of speed.
* * * LOW HITPOINT WARNING * * *
You closely miss the orc priest.
The orc priest is lightly wounded.
The orc priest hits you with a +0 short sword of speed.
* * * LOW HITPOINT WARNING * * *
You barely miss the orc priest.
The orc priest is lightly wounded.
The orc priest hits you but does no damage.
The orc priest barely misses you.
You hit the orc priest.
The orc priest is moderately wounded.
The orc priest hits you but does no damage. x2
You completely miss the orc priest.
The orc priest is moderately wounded.
You block the orc priest's attack.
You hit the orc priest.
The orc priest is heavily wounded.
The orc priest barely misses you.
The orc priest hits you with a +0 short sword of speed.
* * * LOW HITPOINT WARNING * * *
You closely miss the orc priest.
The orc priest is heavily wounded.
The orc shouts!
The orc priest hits you with a +0 short sword of speed.
* * * LOW HITPOINT WARNING * * *
The orc priest barely misses you.
You hit the orc priest.
The orc priest is severely wounded.
You block the orc priest's attack.
You hit the orc priest but do no damage.
You punch the orc priest, but do no damage.
The orc priest is severely wounded.
You block the orc priest's attack. The orc priest barely misses you.
You hit the orc priest but do no damage.
The orc priest is severely wounded.
You block the orc priest's attack. The orc closely misses you.
The orc priest invokes the aid of Beogh against you.
Beogh smites you!
You die...

##.......##......#
#.^.....#.......#
####'####.......+
#.......#.......#
##.......##......#
+.........+......#
##.........##...###
#...........#.#+#
###.....@o#####
#+#...#o###
#####)#.## #....+
###.## ..........#
oo.######.# ... ###


You could see an orc priest and an orc.

Vanquished Creatures
  A scorpion (D:4)
  A hound (D:4)
  An iguana (D:4)
  An orc wizard (D:4)
  An adder (D:4)
  2 dart slugs
  An orc (D:3)
  5 endoplasms
  4 giant cockroaches
  5 goblins
  8 hobgoblins
  6 jackals
  3 quokkas
  7 ball pythons
  7 bats
  2 frilled lizards (D:1)
  4 kobolds
  7 rats
66 creatures vanquished.

Notes
Turn   | Place    | Note
-------+----------+-------------------------------------------
     0 | D:1      | pkoi the Demigod Gladiator began the quest for the Orb.
     0 | D:1      | Reached XP level 1. HP: 17/17 MP: 3/3
   235 | D:1      | Reached skill level 3 in Unarmed Combat
   294 | D:1      | Reached XP level 2. HP: 19/24 MP: 4/4
   747 | D:1      | Noticed a great orb of eyes
   752 | D:1      | Noticed a floating eye
   753 | D:1      | Noticed a floating eye
   753 | D:1      | Noticed a golden eye
  1776 | D:2      | Reached XP level 3. HP: 29/29 MP: 5/5
  2218 | D:2      | Noticed a black bear
  2462 | D:3      | Reached skill level 4 in Unarmed Combat
  2593 | D:3      | Noticed Sigmund
  3214 | D:3      | Noticed Grinder
  3227 | D:3      | Identified the +1 leather armour of Afaulex {rElec rPois
                  | MP-9 Str+7 SInv}
  3246 | D:4      | Reached XP level 4. HP: 32/36 MP: 6/6
  3704 | D:4      | Reached XP level 5. HP: 9/42 MP: 7/7
  4129 | D:4      | Killed from afar by an orc priest

Illustrated notes

Levels and vault maps discovered:
D:1:      dpeg_arrival_court, layout_loops_ring,
          hellmonk_ecumenical_altar_watching_god
D:2:      kb_forest_paths, layout_basic, dk_vineyard_3
D:3:      layout_basic, uniq_sigmund, uniq_grinder, uniq_crazy_yiuf_cottage
D:4:      nicolae_cairo_tiling_very_big, layout_loops_ring

Skill      XL: |  1  2  3 |
---------------+----------+-----
Unarmed Combat | 3 4 |  4.9
Fighting       | 2 |  2.8
Dodging        | 3 |  3.4
Throwing       | |  1.7

Action                   |  1- 3 |  4- 6 || total
-------------------------+-------+-------++-------
Melee: Whip              |   201 |    74 ||   275
       Unarmed           |    11 |       ||    11
       Punch             |     5 |     3 ||     8
Throw: Boomerang         |     3 |     2 ||     5
       Dart              |       |     5 ||     5
  Use: Scroll            |     8 |       ||     8
       Potion            |       |     2 ||     2
 Stab: Sleeping          |     3 |       ||     3
Armor: Leather armour    |    84 |    10 ||    94
       Skin              |       |     7 ||     7
Dodge: Dodged            |   147 |    36 ||   183
Block: Other             |     6 |    16 ||    22
